 Dungeon Crawl Stone Soup version 0.17-a0-1174-ge06b3cc (webtiles) character file.

65304 Hanyuu the Black Belt (level 15, -3/106 HPs)
             Began as an Octopode Transmuter on May 29, 2015.
             Was the Champion of Makhleb.
             Engulfed by a smoke demon's steam (4 damage)
             ... on level 8 of the Lair of Beasts.
             The game lasted 01:32:51 (24577 turns).

Hanyuu the Black Belt (Octopode Transmuter)        Turns: 24577, Time: 01:32:51

Health: -3/106     AC:  2    Str: 11    XL:     15   Next: 16%
Magic:  26/29      EV: 31    Int: 24    God:    Makhleb [******]
Gold:   1522       SH:  0    Dex: 17    Spells: 6 memorised, 13 levels left

rFire  . . .     SeeInvis .       - Unarmed
rCold  . . .     Clarity  +     (shield currently unavailable)
rNeg   . . .     SustAt   +     (helmet currently unavailable)
rPois  x         Gourm    .     i - amulet of clarity
rElec  .         Spirit   .     n - ring of sustain attributes
rCorr  .         Warding  .     m - +3 ring of evasion
rMut   .         Stasis   .     A - ring of invisibility
MR     ++...                    B - +3 ring of intelligence
Stlth  ++++......               x - ring of protection from magic
                                e - +4 ring of evasion
                                Q - ring of stealth
                                W - ring of stealth

@: spider-form, weakened, very resistant to hostile enchantments, stealthy
A: almost no armour, amphibious, 8 rings, (constrict 8), (camouflage 0),
(gelatinous body 0)
a: End Transformation, Minor Destruction, Lesser Servant of Makhleb, Major
Destruction, Greater Servant of Makhleb, Renounce Religion, Evoke Invisibility


You were on level 8 of the Lair of Beasts.
You worshipped Makhleb.
Makhleb was exalted by your worship.
You were hungry.
You were a venomous arachnid creature.
You visited 2 branches of the dungeon, and saw 18 of its levels.
You also visited: Labyrinth and Sewer.

You collected 1522 gold pieces.

Inventory:

Missiles
 a - 118 arrows
 y - 71 poisoned needles
 D - 2 throwing nets
 G - 7 needles of frenzy
 H - 10 poisoned javelins (quivered)
 L - 12 curare-tipped needles
Rods
 Z - a +4 rod of ignition (9/9)
   (You found it in a labyrinth)
Jewellery
 e - a +4 ring of evasion (on tentacle)
 i - an amulet of clarity (around neck)
 m - a +3 ring of evasion (right front leg)
 n - a ring of sustain attributes (left front leg)
 x - a ring of protection from magic (on tentacle)
 A - a ring of invisibility (on tentacle)
 B - a +3 ring of intelligence (on tentacle)
 Q - a ring of stealth (on tentacle)
 W - a ring of stealth (on tentacle)
Magical devices
 M - a wand of polymorph (13)
 P - a wand of lightning (5)
 V - a wand of flame (14)
 X - a wand of fireball (3)
Scrolls
 f - 11 scrolls of remove curse
 o - a scroll of magic mapping
 v - a scroll of fear
 C - 2 scrolls of identify
 E - 2 scrolls of enchant armour
 F - a scroll of silence
 J - 5 scrolls of recharging
 R - a scroll of enchant weapon
 S - 5 scrolls of teleportation
Potions
 d - a potion of agility
 h - a potion of might
 j - 4 potions of curing
 l - 2 potions of flight
 r - 2 potions of resistance
 s - a potion of heal wounds
 u - 2 potions of ambrosia
 w - 4 potions of brilliance
 K - 3 potions of cure mutation
Books
 b - a book of Changes

   Spells                             Type                      Level
   a - Beastly Appendage              Transmutation                1
   b - Sticks to Snakes               Transmutation                2
   c - Spider Form                    Transmutation/Poison         3
   d - Ice Form                       Ice/Transmutation            4
   e - Blade Hands                    Transmutation                5
 g - a book of Debilitation

   Spells                             Type                      Level
   a - Corona                         Hexes                        1
   b - Slow                           Hexes                        2
   c - Gell's Gravitas                Hexes/Translocation          3
   d - Inner Flame                    Hexes/Fire                   3
   e - Cause Fear                     Hexes                        4
   f - Leda's Liquefaction            Hexes/Earth                  4
 N - a book of Enchantments

   Spells                             Type                      Level
   a - Cause Fear                     Hexes                        4
   b - Silence                        Hexes/Air                    5
   c - Deflect Missiles               Charms/Air                   6
   d - Haste                          Charms                       6
   e - Discord                        Hexes                        8
 T - a book of the Warp

   Spells                             Type                      Level
   a - Recall                         Summoning/Translocation      3
   b - Gell's Gravitas                Hexes/Translocation          3
   c - Control Teleport               Charms/Translocation         4
   d - Force Lance                    Conjuration/Translocation    4
   e - Phase Shift                    Translocation                5
   f - Warp Weapon                    Charms/Translocation         5
   g - Summon Forest                  Summoning/Translocation      5
 U - a Grand Grimoire {highlevel, unknown}

   This book is beyond your current level of understanding.

   Spells                             Type                      Level
   a - Monstrous Menagerie            Summoning                    6
   b - Summon Greater Demon           Summoning                    7
   c - Malign Gateway                 Summoning/Translocation      7
   d - Summon Horrible Things         Summoning                    8
 Y - the Compendium of the Scribe
   (You found it on level 5 of the Lair of Beasts)

   Spells                             Type                      Level
   a - Sandblast                      Earth                        1
   b - Stone Arrow                    Conjuration/Earth            3
   c - Passwall                       Transmutation/Earth          3
   d - Hydra Form                     Transmutation                6
   e - Dragon Form                    Transmutation                7
Miscellaneous
 p - a sack of spiders {used: 1}
Comestibles
 c - 7 bread rations
 k - 6 meat rations
 q - 3 beef jerkies
 t - 4 chunks of flesh
 z - 12 royal jellies
 O - 27 fruits


   Skills:
 - Level 11.0 Fighting
 - Level 2.0 Throwing
 + Level 5.8 Dodging
 * Level 18.2 Unarmed Combat
 - Level 10.1 Spellcasting
 + Level 4.6 Charms
 - Level 6.0 Transmutations
 - Level 4.0 Invocations


You had 13 spell levels left.
You knew the following spells:

 Your Spells              Type           Power        Failure   Level  Hunger
a - Beastly Appendage     Trmt           #####.       3%          1    None
b - Sticks to Snakes      Trmt           #####.....   4%          2    None
c - Spider Form           Trmt/Pois      ####......   14%         3    None
d - Ice Form              Ice/Trmt       ####....     36%         4    #......
e - Blade Hands           Trmt           #####.....   32%         5    ####...
f - Haste                 Chrm           ####....     99%         6    ######.


Dungeon Overview and Level Annotations

Branches:
Dungeon (10/15)            Temple (0/1) D:6            Lair (8/8) D:8
  Swamp (0/4) Lair:6        Snake (0/4) Lair:5        Slime (0/6) Lair:8
    Orc (0/4) D:9

Altars:
Elyvilon
Gozag
Kikubaaqudgha
Makhleb
Nemelex Xobeh
Qazlal
Sif Muna
Zin


Innate Abilities, Weirdness & Mutations

You cannot wear most types of armour.
You are amphibious.
You can wear up to eight rings at the same time.
((You can use your tentacles to constrict eight enemies at once.))
((Your skin changes colour to match your surroundings (Stealth).))
((Your rubbery body absorbs attacks (AC +1).))


Message History

The hellwing misses you.
Drink which item? (? for menu, Esc to quit)
You feel much better. The smoke demon gestures at you.
The ball of steam misses you. The orange demon misses you.
The orange demon misses you. The hellwing completely misses you.
The hellwing barely misses you. The smoke demon gestures at you.
Something smites you!
* * * LOW HITPOINT WARNING * * *
The orange demon closely misses you. The smoke demon gestures at you.
The ball of steam hits you! The steam scalds you terribly!
* * * LOW HITPOINT WARNING * * *
Casting: Ice Form
Confirm with . or Enter, or press ? or * to list all spells.
You warm up again.
You turn into a venomous arachnid creature.
You are engulfed in a cloud of scalding steam.
You die...

♣...♣♣ ♣....♣♣♣ ♣♣♣...♣..♣♣♣
♣♣...♣♣♣♣♣..♣♣♣ ♣♣ ♣♣♣♣...♣♣
♣♣♣..♣♣ .♣♣♣..†.♣♣♣ ♣♣..♣♣
......♣♣♣ ♣....♣ .♣♣.♣♣♣
######''#######
♣♣♣♣'#########..s..........#
#........#§§.8....8....#
#..8.8..43..§§.........#
#...8.8§.###############
#..8)8...#.......
#...8.8.)#......4
#..8.8...'4..._..
#...8.8..#.......
#........#.....≈≈


You could see a hellwing and a smoke demon.

Vanquished Creatures
  A minotaur (Lab)
  4 hydras
  An entropy weaver (Lair:4)
  A queen ant (Lair:7)
  17 death yaks
  A wizard (Lair:8)
  A lindwurm (Lair:5)
  11 elephants
  A sixfirhy (Lair:8)
  6 black mambas
  4 orange demons (Lair:8)
  11 spiny frogs
  A red devil (Lair:8)
  8 komodo dragons
  A queen bee (Lair:2)
  A troll (D:8)
  4 fire drakes
  2 blue devils (Lair:8)
  A polar bear (Lair:6)
  19 blink frogs
  3 slime creatures (Lair:8)
  A deep elf mage (D:6)
  A basilisk (Lair:8)
  79 yaks
  9 hippogriffs
  4 wyverns
  4 nagas (Lair:5)
  32 wolves
  7 soldier ants (Lair:7)
  A hell hound (Lair:8)
  13 water moccasins
  The ghost of darkblade17 the Ruffian, an average TrBe of Trog (D:4)
  5 ogres
  16 porcupines
  3 sky beasts
  2 ice beasts
  A black bear (D:5)
  3 orc warriors
  A phantom (D:8)
  2 centaurs
  2 necrophages
  14 crocodiles
  2 big kobolds
  Blork the orc (D:5)
  12 giant frogs
  4 scorpions
  24 killer bees (Lair:2)
  5 electric eels
  10 wights
  3 centaur skeletons
  7 hounds
  10 orc wizards
  2 crimson imps
  2 gnoll shamans
  3 jellies
  2 orc priests
  8 iguanas
  17 sheep
  7 hell rats (Lair:5)
  29 worker ants
  A hound skeleton (D:5)
  2 worker ant zombies
  10 gnolls
  81 river rats
  15 adders
  A shadow imp (D:4)
  An ooze (D:3)
  2 adder skeletons (D:4)
  An adder zombie (D:5)
  A worm (D:3)
  A giant gecko (D:8)
  43 orcs
  4 ball pythons
  14 bats
  11 giant cockroaches
  13 hobgoblins
  8 jackals
  3 quokkas
  4 giant newts
  10 goblins
  14 kobolds
  48 rats
  3 fungi
  4 plants
743 creatures vanquished.

Vanquished Creatures (others)
  A spider (Lair:7)
  2 bushes (Lair:4)
  9 fungi (Lair:8)
  6 plants
18 creatures vanquished.

Grand Total: 761 creatures vanquished

Notes
Turn   | Place    | Note
--------------------------------------------------------------
     0 | D:1      | Hanyuu the Octopode Transmuter began the quest for the Orb.
     0 | D:1      | Reached XP level 1. HP: 13/13 MP: 3/3
   353 | D:1      | Reached XP level 2. HP: 18/18 MP: 5/5
   750 | D:2      | Reached skill level 4 in Unarmed Combat
   750 | D:2      | Reached XP level 3. HP: 15/23 MP: 4/6
   756 | D:2      | Learned a level 2 spell: Sticks to Snakes
   760 | D:2      | Learned a level 3 spell: Spider Form
  1529 | D:3      | Found an ancient bone altar of Kikubaaqudgha.
  1529 | D:3      | Found a sparkling altar of Nemelex Xobeh.
  1617 | D:3      | Reached XP level 4. HP: 21/28 MP: 4/7
  2170 | D:3      | Reached skill level 5 in Unarmed Combat
  2184 | D:3      | Reached XP level 5. HP: 21/33 MP: 4/8
  2452 | D:4      | Noticed an ice beast
  2466 | D:4      | Killed an ice beast
  2466 | D:4      | Reached XP level 6. HP: 13/39 MP: 2/9
  2672 | D:4      | Noticed darkblade17's ghost (average TrBe)
  2739 | D:4      | Killed darkblade17's ghost
  2739 | D:4      | Reached skill level 6 in Unarmed Combat
  3218 | D:4      | Noticed an ogre
  3226 | D:4      | Reached XP level 7. HP: 45/45 MP: 6/10
  3233 | D:4      | Killed an ogre
  3241 | D:4      | Noticed a sky beast
  3248 | D:4      | Killed a sky beast
  3334 | D:4      | Reached skill level 7 in Unarmed Combat
  3858 | D:5      | Entered Level 5 of the Dungeon
  3940 | D:5      | Noticed Blork the orc
  4018 | D:5      | Killed Blork the orc
  4018 | D:5      | Reached XP level 8. HP: 52/52 MP: 7/11
  4158 | D:5      | Found a glowing drain.
  4184 | D:5      | Reached skill level 8 in Unarmed Combat
  4198 | Sewer    | Entered a sewer
  4375 | Sewer    | Found a white marble altar of Elyvilon.
  5417 | D:6      | Found a burning altar of Makhleb.
  5434 | D:6      | Reached skill level 9 in Unarmed Combat
  5440 | D:6      | Became a worshipper of Makhleb the Destroyer
  5448 | D:6      | Noticed a deep elf mage
  5784 | D:6      | Killed a deep elf mage
  5784 | D:6      | Reached XP level 9. HP: 58/58 MP: 2/12
  6042 | D:6      | Found a glowing silver altar of Zin.
  6050 | D:6      | Found a white marble altar of Elyvilon.
  6050 | D:6      | Found a stormy altar of Qazlal.
  6060 | D:6      | Found a deep blue altar of Sif Muna.
  6144 | D:6      | Found a staircase to the Ecumenical Temple.
  6246 | D:6      | Reached skill level 5 in Transmutations
  6768 | D:7      | Acquired Makhleb's first power
  6796 | D:7      | Reached skill level 10 in Unarmed Combat
  7470 | D:8      | Reached skill level 5 in Fighting
  7798 | D:8      | Reached XP level 10. HP: 50/66 MP: 15/15
  7924 | D:8      | Found a staircase to the Lair.
  7939 | D:8      | Acquired Makhleb's second power
  8060 | D:8      | Reached skill level 5 in Dodging
  8060 | D:8      | Reached skill level 11 in Unarmed Combat
  8168 | D:8      | Learned a level 4 spell: Ice Form
  8174 | D:8      | Learned a level 5 spell: Blade Hands
  8506 | D:8      | Acquired Makhleb's third power
  8625 | D:8      | Noticed a centaur skeleton
  8633 | D:8      | Killed a centaur skeleton
  9238 | D:9      | Reached skill level 12 in Unarmed Combat
  9294 | D:9      | Acquired Makhleb's fourth power
  9659 | D:9      | Found a sparkling altar of Nemelex Xobeh.
  9774 | D:9      | Found a staircase to the Orcish Mines.
 10200 | D:10     | Entered Level 10 of the Dungeon
 10400 | Lair:1   | Entered Level 1 of the Lair of Beasts
 10448 | Lair:1   | Reached XP level 11. HP: 72/72 MP: 18/18
 10498 | Lair:1   | Reached skill level 5 in Spellcasting
 10607 | Lair:1   | Noticed a black mamba
 10615 | Lair:1   | Killed a black mamba
 10863 | Lair:1   | Reached skill level 1 in Throwing
 11257 | Lair:1   | Reached skill level 13 in Unarmed Combat
 11312 | Lair:2   | Found an opulent altar of Gozag.
 11327 | Lair:2   | Acquired Makhleb's fifth power
 12695 | Lair:2   | Reached skill level 14 in Unarmed Combat
 12695 | Lair:2   | Reached XP level 12. HP: 49/81 MP: 21/21
 14111 | Lair:3   | Reached skill level 15 in Unarmed Combat
 14737 | Lair:4   | Reached XP level 13. HP: 81/89 MP: 25/25
 15210 | Lair:4   | Reached skill level 1 in Invocations
 15713 | Lair:5   | Reached skill level 16 in Unarmed Combat
 15841 | Lair:5   | Found a staircase to the Snake Pit.
 16480 | Lair:5   | Identified the Compendium of the Scribe (You found it on level 5 of the Lair of Beasts)
 16985 | Lair:6   | Found a staircase to the Swamp.
 17808 | Lair:6   | HP: 4/92 [poisoned by a black mamba]
 17814 | Lair:6   | HP: 4/92 [poisoned by a black mamba]
 18273 | Lair:7   | Found a labyrinth entrance.
 18292 | Lab      | Entered a labyrinth
 19946 | Lab      | Noticed a minotaur
 19966 | Lab      | Killed a minotaur
 19987 | Lab      | Identified a +4 rod of ignition (9/9) (You found it in a labyrinth)
 20111 | Lair:7   | Reached XP level 14. HP: 87/98 MP: 27/27
 20120 | Lair:7   | Reached skill level 10 in Fighting
 21150 | Lair:7   | Reached skill level 17 in Unarmed Combat
 21812 | Lair:8   | Entered Level 8 of the Lair of Beasts
 22600 | Lair:8   | Found a staircase to the Slime Pits.
 22788 | Lair:7   | Reached skill level 10 in Spellcasting
 23060 | Lair:8   | Learned a level 6 spell: Haste
 23152 | Lair:8   | Reached skill level 1 in Charms
 24000 | Lair:8   | Reached XP level 15. HP: 106/106 MP: 29/29
 24013 | Lair:8   | Reached skill level 18 in Unarmed Combat
 24513 | Lair:8   | Found a burning altar of Makhleb.
 24576 | Lair:8   | HP: 1/127 [smoke demon/ball of steam (36)]
 24577 | Lair:8   | Engulfed by a smoke demon's steam

Vault maps used:
D:1:      dpeg_arrival_short_road, kennysheep_another_room,
          minmay_gold_behind_fungi
D:3:      gammafunk_temple_overflow_statue, first_bread
D:4:      st_stairs_5
D:5:      black_bear_nest_1, gup_sewer_entry_glass, uniq_blork_the_orc
D:6:      nicolae_overflow_quartered_altars, bloody_makhleb,
          minmay_temple_entry_poolview, amalloy_card_club
D:8:      erik_lair_island
D:9:      hiddenorc1_lemuel, blue_anna_alchemist, nemelex_deck
D:10:     basic_altar, uniq_erica
Lair:1:   minivault_23, serial_bayou_pond_d
Lair:2:   special_room, basic_altar, beast_lair_carwin_4, grunt_megastairs_3
Lair:4:   minmay_lair_drake_nest, serial_bayou_shore_a
Lair:5:   lemuel_ratsnest, minmay_snake_entry_guardpost_small,
          grunt_megastairs_4, serial_bayou_shore_b
Lair:6:   swamp_mist_pool
Lair:7:   lab_entry_generic, zaba_antful_of_joy, lemuel_fruit_fields,
          lemuel_fruit_fields, lemuel_fruit_tree
Lair:8:   evil_forest, minmay_slime_entry_pillars
Lab:      labyrinth_fake_exit
Sewer:    sewer_kobolds

Action                   |  1- 3 |  4- 6 |  7- 9 | 10-12 | 13-15 || total
-------------------------+-------+-------+-------+-------+-------++-------
Melee: Unarmed           |    92 |    92 |   321 |   786 |   925 ||  2216
Throw: Javelin           |       |       |       |    33 |    15 ||    48
 Cast: Beastly Appendage |     4 |     6 |    13 |    13 |     6 ||    42
       Spider Form       |       |     5 |    22 |    30 |    19 ||    76
       Blade Hands       |       |       |       |     7 |    12 ||    19
       Ice Form          |       |       |       |     3 |    20 ||    23
       Sticks to Snakes  |       |       |       |       |    13 ||    13
 Abil: End Transformatio |       |     1 |       |     2 |     1 ||     4
Evoke: Wand              |       |     1 |       |       |     7 ||     8
       Sack of spiders   |       |       |       |       |     1 ||     1
  Use: Scroll            |       |     8 |     9 |    10 |    12 ||    39
       Potion            |       |     1 |       |     3 |    13 ||    17
 Stab: Sleeping          |     4 |     1 |     7 |    15 |    28 ||    55
       Distracted        |       |       |     1 |     1 |     2 ||     4
  Eat: Chunk             |     2 |     5 |    13 |    26 |    20 ||    66
       Fruit             |       |     1 |     2 |     2 |    18 ||    23
       Royal jelly       |       |       |     1 |       |       ||     1
